 Dungeon Crawl Stone Soup version 0.29-a0-1065-g47a6bb87d6 (webtiles) character file.

Game seed: 9683478606750581180

54 freelancePsychic the Sneak (level 3, -2/34 HPs)
             Began as a Deep Elf Delver on Aug 18, 2022.
             Was an Initiate of Ashenzari.
             Slain by a goblin
             ... wielding a +0 club
              (3 damage)
             ... on level 3 of the Dungeon.
             The game lasted 00:03:56 (1549 turns).

freelancePsychic the Sneak (Deep Elf Delver)        Turns: 1549, Time: 00:03:57

Health: -2/34      AC: 21    Str:  9    XL:     3   Next: 66%
Magic:  5/5        EV:  2    Int: 16    God:    Ashenzari [......]
Gold:   84         SH:  0    Dex: 16    Spells: 2/2 levels left

rFire   . . .      SeeInvis .   a - +0 short sword
rCold   . . .      Faith    .   (no shield)
rNeg    . . .      Spirit   .   (body armour currently unavailable)
rPois   +          Reflect  .   (helmet currently unavailable)
rElec   .          Harm     .   (cloak currently unavailable)
rCorr   .          Rampage  .   (gloves currently unavailable)
Will    .....      NoTele   +   (boots currently unavailable)
Stlth   +++.......              (no amulet)
HPRegen 0.11/turn               (no ring)
MPRegen 0.09/turn               (no ring)

@: lethally poisoned (-2 -> -3), tree-form, attractive
A: stationary, stasis, torment immunity, boosted hp
a: Renounce Religion


You were on level 3 of the Dungeon.
You worshipped Ashenzari.
Ashenzari was noncommittal.
You were a tree.
You visited 1 branch of the dungeon, and saw 4 of its levels.
You also visited: Ossuary.

You collected 84 gold pieces.

Inventory:

Hand Weapons
 a - a +0 short sword (weapon)
Armour
 b - a +0 leather armour (melded)
Magical Staves
 n - a staff of conjuration
Wands
 g - a wand of digging (3)
Scrolls
 c - a scroll of fog
 d - a scroll of amnesia {unknown}
 e - 2 scrolls of fear
 f - a scroll of teleportation {@r4}
 j - a scroll of silence {unknown}
 l - a scroll of vulnerability {unknown}
 p - a scroll of identify {@r1}
Potions
 h - a potion of magic {unknown}
 k - a potion of berserk rage {unknown}


   Skills:
 + Level 3.0 Fighting
 * Level 3.5 Short Blades
 - Level 2.4 Dodging
 - Level 6.0 Stealth


You had 2 spell levels left.
You didn't know any spells.
Your spell library was empty.

Dungeon Overview and Level Annotations

Branches:
Dungeon (5/15)            Ossuary (visited)
 Temple: D:4-7

Altars:
Ashenzari

Annotations:
D:4 Duvessa


Message History

The goblin hits you but does no damage.
You hit the adder.
The adder is moderately wounded.
The adder bites you but does no damage. The goblin hits you but does no damage.
You closely miss the adder.
The adder is moderately wounded.
The adder bites you but does no damage.
You closely miss the adder.
The adder is moderately wounded.
The goblin hits you but does no damage. The adder bites you but does no damage.
You closely miss the adder.
The adder is moderately wounded.
The adder bites you but does no damage. The goblin hits you but does no damage.
You closely miss the adder.
The adder is moderately wounded.
The adder bites you but does no damage. The goblin hits you but does no damage.
The adder bites you but does no damage.
You hit the adder.
The adder is almost dead.
The goblin hits you but does no damage. The adder bites you.
* * * LOW HITPOINT WARNING * * *
You are poisoned.
The adder poisons you!
You hit the adder but do no damage.
The adder is almost dead.
* * * LOW HITPOINT WARNING * * *
You feel sick. The adder bites you but does no damage.
The goblin hits you but does no damage.
You closely miss the adder.
The adder is almost dead.
* * * LOW HITPOINT WARNING * * *
You feel sick. The adder bites you.
* * * LOW HITPOINT WARNING * * *
The goblin hits you but does no damage.
You closely miss the adder.
The adder is almost dead.
* * * LOW HITPOINT WARNING * * *
You feel sick. The adder bites you but does no damage.
The goblin hits you with a +0 club.
You die...

#.# #.# #.# 8.8 ##.#### #.#
###.....## #.## #####........#
8.8 #####.####...# ##########.#
#####.####...###8##8##8##.##
#####.####.Sg.'.............
##########.#####♣####8##8##8##.##
#................# ##########.#
#.########.####..# 8.8 #.#
#####.####### #.## #.#
#####.##### #.# #.# #####.######
8.8 #.########......## #.# #.#.##
##.......## #....####.........#


You could see an adder and a goblin.

Vanquished Creatures
  6 spectral bats (Ossuary)
  A bat (D:2)
  12 gnoll zombies (Ossuary)
  A goblin (D:2)
  A quokka (D:5)
  2 bat simulacra (Ossuary)
  A frilled lizard (D:2)
  A goblin simulacrum (Ossuary)
  6 goblin zombies (Ossuary)
  3 hobgoblin zombies (Ossuary)
  2 kobold simulacra (Ossuary)
  4 kobold zombies (Ossuary)
  5 orc zombies (Ossuary)
  3 rat simulacra (Ossuary)
  3 spectral goblins (Ossuary)
  6 spectral kobolds (Ossuary)
  A spectral rat (Ossuary)
58 creatures vanquished.

Vanquished Creatures (others)
  A quokka (D:4)
1 creature vanquished.

Grand Total: 59 creatures vanquished

Notes
Turn   | Place    | Note
-------+----------+-------------------------------------------
     0 | D:5      | freelancePsychic the Deep Elf Delver began the quest for
                  | the Orb.
     0 | D:5      | Reached XP level 1. HP: 13/13 MP: 3/3
     7 | D:5      | Found a sand-covered staircase.
    12 | Ossuary  | Entered an ossuary
   164 | Ossuary  | Reached XP level 2. HP: 18/18 MP: 4/4
   472 | Ossuary  | Reached XP level 3. HP: 18/18 MP: 5/5
  1160 | D:4      | Found a broken altar of Ashenzari.
  1166 | D:4      | Became a worshipper of Ashenzari the Shackled
  1346 | D:4      | Noticed Duvessa
  1549 | D:3      | HP: 1/34 [poisoned by an adder]
  1549 | D:3      | Slain by a goblin

Illustrated notes

Levels and vault maps discovered:
D:2:      layout_rooms, serial_shops, shop,
          shapermc_ecumenical_altar_mp_vishouse, minmay_tall_x
D:3:      layout_loops_corners, nemelex_xobeh_ov_fountains_minmay,
          lemuel_coloured_pillars_altar, reono_crystal_passage,
          dk_noncrumbling_2
D:4:      layout_basic, evilmike_ruin_ashenzari, fedhas_altar_fruit_tree,
          elyvilon_altar_4, minmay_temple_entry_statues_fountains,
          uniq_crazy_yiuf_cottage, uniq_duvessa
D:5:      layout_rooms, nicolae_ossuary_entry_false_entrances,
          uniq_blork_the_orc

Skill      XL: |  1  2  3 |
---------------+----------+-----
Short Blades   | 3 |  3.5
Fighting       | 3 |  3.0
Dodging        | |  2.4
Stealth        | |  6.0

Action                   || total
-------------------------++-------
Melee: Short sword       ||   258
       Punch             ||     1
  Use: Potion            ||     4
       Scroll            ||     2
 Stab: Sleeping          ||    15
Armor: Leather armour    ||    99
       Skin              ||    17
Dodge: Dodged            ||   163

Table legend: (Time is in decaauts)
 A = Elapsed time spent in this place.
 B = Non-inter-level travel time spent in this place.
 C = Inter-level travel time spent in this place.
 D = Time resting spent in this place.
 E = Time spent auto-exploring this place.
 F = Levels seen in this place.
 G = Mean time per level.
                   A        B        C        D        E       F      G
               +--------+--------+--------+--------+--------+-----+--------+
         Total |   1520 |   1487 |     33 |     57 |    833 |   5 |  304.0 |
       Dungeon |    489 |    456 |     33 |     57 |    241 |   4 |  122.2 |
       Ossuary |   1030 |   1030 |      0 |      0 |    592 |   1 | 1030.0 |
               +--------+--------+--------+--------+--------+-----+--------+

Top non-repeatable levels by time:
 Ossuary: 1030 daAuts
     D:4: 242 daAuts
     D:3: 103 daAuts
     D:5: 95 daAuts
     D:2: 47 daAuts
